 Dungeon Crawl Stone Soup version 0.25.0-9-g26727b657a (webtiles) character file.

Game seed: 14153892608946374050

29115 Patate the Warrior (level 13, -5/149 HPs)
             Began as a Troll Hunter on June 21, 2020.
             Was an Elder of Trog.
             Slain by a seven-headed hydra (7 damage)
             ... on level 3 of the Lair of Beasts on June 22, 2020.
             The game lasted 00:50:21 (14104 turns).

Patate the Warrior (Troll Hunter)                  Turns: 14104, Time: 00:50:22

Health: -5/149     AC: 11    Str: 23    XL:     13   Next: 13%
Magic:  0/12       EV: 11    Int:  7    God:    Trog [****..]
Gold:   810        SH: 10    Dex: 20    Spells: 12/12 levels left

rFire    . . .     SeeInvis +     - Unarmed
rCold    . . .     Gourm    +   u - +2 kite shield
rNeg     . . .     Faith    .   G - +0 swamp dragon scales
rPois    +         Spirit   +   D - +0 hat {SInv}
rElec    .         Reflect  .   v - scarf {repulsion}
rCorr    .         Harm     .   (gloves unavailable)
MR       ++...                  (boots unavailable)
Stlth    +.........             a - amulet of guardian spirit
HPRegen  1.74/turn              d - +6 ring of dexterity
MPRegen  0.13/turn              K - +4 ring of slaying

@: regenerating, repel missiles
A: large, unfitting armour, claws 3, fast metabolism 3, gourmand, regeneration
1, shaggy fur 1, tough skin 3
a: Berserk, Trog's Hand, Brothers in Arms, Renounce Religion


You were on level 3 of the Lair of Beasts.
You worshipped Trog.
Trog was greatly pleased with you.
You were not hungry.

You visited 3 branches of the dungeon, and saw 16 of its levels.

You collected 810 gold pieces.

Inventory:

Missiles
 e - 14 boomerangs
 B - 7 large rocks (quivered)
 C - 4 javelins
Armour
 b - a +1 robe
 u - a +2 kite shield (worn)
 v - a scarf of repulsion (worn)
 D - a +0 hat of see invisible (worn)
 G - +0 swamp dragon scales (worn)
 H - a +1 robe of cold resistance
 J - a +2 kite shield
Jewellery
 a - an amulet of guardian spirit (around neck)
 d - a +6 ring of dexterity (left claw)
 F - an uncursed ring of protection from fire
 K - a +4 ring of slaying (right claw)
Wands
 c - a wand of acid (8)
 h - a wand of disintegration (8)
 p - a wand of flame (24)
 t - a wand of random effects (9)
 L - a wand of digging (5)
Scrolls
 k - 6 scrolls of fog
 o - 2 scrolls of blinking
 q - 4 scrolls of identify
 r - 6 scrolls of teleportation
 w - 5 scrolls of remove curse
 x - 5 scrolls of magic mapping
 y - a scroll of fear
 A - a scroll of enchant armour
Potions
 g - 8 potions of might
 i - 2 potions of mutation
 j - 3 potions of stabbing
 l - 5 potions of flight
 m - 2 potions of haste
 n - a potion of magic
 s - 3 potions of heal wounds
 z - a potion of brilliance {unknown}
 I - 4 potions of curing
Comestibles
 f - 33 rations


   Skills:
 * Level 15.1 Fighting
 - Level 7.0 Throwing
 + Level 1.3 Armour
 - Level 7.0 Dodging
 - Level 0.3 Stealth
 - Level 7.0 Unarmed Combat


You had 12 spell levels left.
You didn't know any spells.
Your spell library was empty.

Dungeon Overview and Level Annotations

Branches:
Dungeon (11/15)            Temple (1/1) D:4            Lair (4/6) D:9
  Swamp (0/4) Lair:4       Spider (0/4) Lair:3          Orc (0/2) D:10

Altars:
Ashenzari
Cheibriados
Dithmenos
Elyvilon
Fedhas
Gozag
Hepliaklqana
Kikubaaqudgha
Makhleb
Nemelex Xobeh
Okawaru
Qazlal
Ru
Sif Muna
Trog
Uskayaw
Vehumet
Wu Jian
Xom
Yredelemnul
Zin
The Shining One

Annotations:
D:5 TrebMcFLY's ghost, novice VSAs
Lair:3 2 transporters, Kubamp's ghost, journeyman DEAE


Innate Abilities, Weirdness & Mutations

You are too large for most types of armour.
You have claws for hands.
Your metabolism is lightning-fast.
You like to eat raw meat.
Your natural rate of healing is unusually fast.
You are covered in fur. (AC +1)
You have extremely tough skin. (AC +3)


Message History

You block the seven-headed hydra's attack.
The seven-headed hydra bites you!
* * * LOW HITPOINT WARNING * * *
The seven-headed hydra bites you.
* * * LOW HITPOINT WARNING * * *
The seven-headed hydra bites you!
* * * LOW HITPOINT WARNING * * *
The seven-headed hydra bites you!
* * * LOW HITPOINT WARNING * * *
You block the seven-headed hydra's attack.
The seven-headed hydra bites you.
* * * LOW HITPOINT WARNING * * *
Your ogre hits the wyvern with a +0 giant club!
The wyvern dies!
Trog accepts your kill.
You block the seven-headed hydra's attack.
The seven-headed hydra bites you.
* * * LOW HITPOINT WARNING * * *
The seven-headed hydra bites you!
You die...

...##y.y#...##.......## #.....PP.
...#. .#y#.#}#......>.# #.....###
...#. ...#yy#.......## #.....# #
..©#© .#.#Wy#©......####.....###
...#y ...#.y#...>...##.#........
...#. y#.#.#(#........#..........
...##...#..y##...O...............
...##.#.#.#?##..†>....P.P########
...##...#...##..@D(...#### #
...###y# #.###.........# ##
....#########..........# #.
.....###.###..........## #.
.#....................# #.
##....................## #P
.......................#########P
##.........##.#.#P##...#.##.#.P#.
#.........#########.............


You could see a seven-headed hydra, a queen bee, a meliai, a killer bee and a
friendly ogre (summoned, berserk).

Vanquished Creatures
  Gastronok (D:9)
  5 hydras
  Erica (D:11)
  Harold (D:11)
  A two-headed ogre (D:9)
  A spriggan (Lair:1)
  An unseen horror (D:11)
  A cyclops (D:11)
  A lindwurm (Lair:3)
  A black mamba (Lair:2)
  A molten gargoyle (Lair:2)
  3 spiny frogs (Lair:1)
  3 komodo dragons
  3 trolls
  2 jumping spiders (Lair:3)
  A hornet (Lair:1)
  6 blink frogs
  6 hippogriffs
  3 redbacks (Lair:3)
  A yak (D:9)
  A wyvern (D:10)
  5 basilisks
  Grum (D:11)
  2 hungry ghosts (D:10)
  A soldier ant (D:11)
  A two-headed ogre zombie (D:10)
  Duvessa (D:4)
  8 water moccasins
  5 porcupines
  2 black bears (D:10)
  2 ice beasts
  8 orc warriors
  A necrophage (D:10)
  4 sky beasts
  A phantom (D:10)
  34 wolves
  3 crocodiles
  3 centaurs
  2 big kobolds
  A gnoll sergeant (D:8)
  13 bullfrogs
  Dowan (D:4)
  6 scorpions
  14 killer bees (D:11)
  4 wights (D:10)
  A howler monkey (D:4)
  2 crimson imps
  A bullfrog zombie (D:9)
  2 centaur zombies (D:5)
  A hound (D:9)
  An orc priest (D:4)
  2 jellies
  3 bullfrog skeletons
  3 iguanas
  6 orc wizards
  Natasha (twice) (D:2)
  6 worker ants
  A killer bee zombie (D:8)
  5 ogre zombies (D:10)
  A worker ant zombie (D:6)
  Robin (D:4)
  9 gnolls
  A howler monkey skeleton (D:8)
  12 adders
  A shadow imp (D:5)
  3 adder skeletons
  2 adder zombies
  6 worms
  4 dart slugs
  6 leopard geckos
  36 orcs
  11 bats
  10 giant cockroaches
  15 goblins
  11 hobgoblins
  10 jackals
  5 quokkas
  4 ball pythons
  4 frilled lizards
  3 goblin skeletons (D:10)
  A goblin zombie (D:10)
  A hobgoblin skeleton (D:10)
  3 hobgoblin zombies (D:10)
  16 kobolds
  An orc skeleton (D:10)
  14 orc zombies (D:10)
  9 rats
403 creatures vanquished.

Vanquished Creatures (collateral kills)
  A hydra (D:11)
  Joseph (D:10)
  A spiny frog (Lair:2)
  Maggie (D:9)
  2 blink frogs (Lair:4)
  2 dream sheep (D:8)
  A wyvern (Lair:3)
  2 yaks (D:8)
  A phantom (D:10)
  3 wolves (Lair:2)
  A big kobold (D:8)
  A worker ant (D:10)
  An ogre zombie (D:10)
  A goblin zombie (D:10)
  An orc skeleton (D:10)
20 creatures vanquished.

Vanquished Creatures (others)
  Fannar (D:10)
  3 fungi (Lair:1)
4 creatures vanquished.

Grand Total: 427 creatures vanquished

Notes
Turn   | Place    | Note
-------+----------+-------------------------------------------
     0 | D:1      | Patate the Troll Hunter began the quest for the Orb.
     0 | D:1      | Reached XP level 1. HP: 19/19 MP: 0/0
    47 | D:1      | Reached skill level 2 in Fighting
    49 | D:1      | Reached XP level 2. HP: 25/28 MP: 1/1
   392 | D:1      | Reached XP level 3. HP: 36/36 MP: 2/2
   695 | D:2      | Found a faded altar of an unknown god.
   837 | D:2      | Reached skill level 1 in Unarmed Combat
   882 | D:2      | Reached skill level 3 in Fighting
   905 | D:2      | Reached XP level 4. HP: 43/45 MP: 3/3
   914 | D:2      | Found a bloodstained altar of Trog.
   954 | D:2      | Became a worshipper of Trog the Wrathful
  1130 | D:2      | Found a glowing golden altar of the Shining One.
  1132 | D:2      | Found an opulent altar of Gozag.
  1132 | D:2      | Found a shattered altar of Ashenzari.
  1133 | D:2      | Noticed Natasha
  1151 | D:2      | Killed Natasha
  1184 | D:2      | Noticed Natasha
  1186 | D:2      | Killed Natasha
  1243 | D:2      | Reached XP level 5. HP: 53/53 MP: 4/4
  1542 | D:3      | Found a white marble altar of Elyvilon.
  1752 | D:3      | Reached * piety under Trog
  1782 | D:3      | Reached skill level 4 in Fighting
  2490 | D:4      | Reached XP level 6. HP: 63/63 MP: 5/5
  2697 | D:4      | Noticed Robin
  2698 | D:4      | Reached ** piety under Trog
  2739 | D:4      | Killed Robin
  2856 | D:4      | Noticed Dowan
  2857 | D:4      | Noticed Duvessa
  2876 | D:4      | Killed Dowan
  2876 | D:4      | Reached skill level 5 in Fighting
  2885 | D:4      | Killed Duvessa
  2885 | D:4      | Reached XP level 7. HP: 43/72 MP: 3/6
  3029 | D:4      | Found a staircase to the Ecumenical Temple.
  3063 | Temple   | Entered the Ecumenical Temple
  3194 | D:5      | Entered Level 5 of the Dungeon
  3342 | D:5      | Reached skill level 6 in Fighting
  3462 | D:5      | Found a runed translucent door.
  3462 | D:5      | Noticed TrebMcFLY's ghost (novice VSAs)
  3556 | D:5      | Found a sacrificial altar of Ru.
  3776 | D:5      | Found a runed translucent door.
  3980 | D:6      | Reached XP level 8. HP: 75/84 MP: 4/7
  4025 | D:6      | Reached skill level 5 in Unarmed Combat
  4121 | D:6      | Found a sparkling altar of Nemelex Xobeh.
  4170 | D:6      | Reached *** piety under Trog
  4205 | D:6      | Found a burning altar of Makhleb.
  4207 | D:6      | Reached skill level 7 in Fighting
  4537 | D:6      | Found a shimmering altar of Xom.
  4714 | D:7      | Noticed a hippogriff
  4726 | D:6      | Killed a hippogriff
  5024 | D:7      | Found a hide-covered altar of Uskayaw.
  5027 | D:7      | Reached skill level 8 in Fighting
  5240 | D:7      | Reached XP level 9. HP: 94/96 MP: 8/8
  5610 | D:8      | Found a stormy altar of Qazlal.
  5718 | D:8      | Reached **** piety under Trog
  6046 | D:8      | Reached skill level 9 in Fighting
  6230 | D:8      | Noticed a three-headed hydra
  6396 | D:9      | Noticed Gastronok
  6869 | D:9      | Killed Gastronok
  6869 | D:9      | Reached skill level 10 in Fighting
  6869 | D:9      | Reached skill level 5 in Throwing
  6869 | D:9      | Reached XP level 10. HP: 93/111 MP: 9/9
  7014 | D:9      | Found a staircase to the Lair.
  7182 | D:9      | Found a radiant altar of Vehumet.
  7198 | D:9      | Reached skill level 11 in Fighting
  7215 | D:9      | Noticed Maggie
  7239 | D:9      | Killed Maggie
  7457 | D:9      | Found a snail-covered altar of Cheibriados.
  7611 | D:9      | Noticed a two-headed ogre
  7621 | D:9      | Killed a two-headed ogre
  7878 | D:10     | Entered Level 10 of the Dungeon
  7890 | D:10     | Noticed Fannar
  7901 | D:10     | Killed Fannar
  8082 | D:10     | Reached XP level 11. HP: 123/123 MP: 10/10
  8332 | D:10     | Noticed Joseph
  8363 | D:10     | Killed Joseph
  8363 | D:10     | Reached skill level 12 in Fighting
  8389 | D:10     | Found a staircase to the Orcish Mines.
  8774 | D:10     | Reached ***** piety under Trog
  9268 | D:11     | Noticed Grum
  9289 | D:11     | Killed Grum
  9421 | D:11     | Noticed a six-headed hydra
  9440 | D:11     | Killed a six-headed hydra
  9612 | D:11     | Noticed Erica
  9646 | D:11     | Killed Erica
  9725 | D:11     | Noticed a six-headed hydra
  9735 | D:11     | Killed a six-headed hydra
  9735 | D:11     | Reached skill level 13 in Fighting
  9872 | D:11     | Noticed an unseen horror
  9884 | D:11     | Killed an unseen horror
  9897 | D:11     | Noticed Harold
  9921 | D:11     | Killed Harold
 10640 | Lair:1   | Entered Level 1 of the Lair of Beasts
 10654 | Lair:1   | Reached XP level 12. HP: 112/136 MP: 8/11
 10712 | D:9      | Reached skill level 5 in Dodging
 11164 | Lair:1   | Noticed a four-headed hydra
 11172 | Lair:1   | Killed a four-headed hydra
 11291 | Lair:1   | Reached skill level 14 in Fighting
 11638 | Lair:1   | Noticed a six-headed hydra
 11644 | Lair:1   | Killed a six-headed hydra
 12190 | Lair:2   | Noticed a five-headed hydra
 12203 | Lair:2   | Killed a five-headed hydra
 12203 | Lair:2   | Received a gift from Trog
 12315 | Lair:2   | Noticed a four-headed hydra
 12319 | Lair:2   | Killed a four-headed hydra
 12948 | Lair:3   | Found a hole to the Spider Nest.
 13076 | Lair:3   | Reached XP level 13. HP: 117/148 MP: 8/12
 13257 | Lair:3   | Reached skill level 15 in Fighting
 13336 | Lair:3   | You fall into a shaft and drop 1 floor!
 13473 | Lair:4   | Reached skill level 1 in Armour
 13520 | Lair:3   | Found a transporter.
 13750 | Lair:3   | Noticed Kubamp's ghost (journeyman DEAE)
 13855 | Lair:3   | Found a transporter.
 14104 | Lair:3   | HP: 7/149 [seven-headed hydra (2)]
 14104 | Lair:3   | HP: 2/149 [seven-headed hydra (5)]
 14104 | Lair:3   | Slain by a seven-headed hydra

Illustrated notes

Levels and vault maps discovered:
D:1:      lemuel_arrival_hallway, layout_basic
D:2:      layout_loops_ring, grunt_temple_overflow_open, bloody_trog,
          chequers_ecumenical_altar_simple, uniq_natasha
D:3:      layout_basic, elyvilon_altar_5
D:4:      layout_basic, temple_green, first_ration, kennysheep_generic_room_13,
          uniq_robin, uniq_duvessa
D:5:      layout_rooms, nicolae_overflow_hidden_temple, ebering_ghost_sewer_f,
          minmay_increasing_density
D:6:      layout_cave_pods, nemelex_xobeh_ov_fountains_minmay,
          makhleb_grotto_becter, lemuel_round_altar, nrook_mini_backslash
D:7:      layout_rooms, eat_drink_and_be_merry_uskayaw
D:8:      layout_basic, nicolae_qazlal_general_emergency, hangedman_ranch
          [blue_anna_fruit_fields], st_stairs_5
D:9:      layout_basic, kennysheep_mini, fiery_altar_vehumet,
          david_lair_generic, uniq_gastronok, uniq_maggie
D:10:     layout_stronghold, zombieorc2_lemuel, enter_bailey_6, uniq_fannar,
          uniq_joseph
D:11:     layout_stronghold, uniq_grum, uniq_harold, uniq_erica
Temple:   dpeg_three_leaves_temple
Lair:1:   layout_small_grid, grunt_forest_large_clearings
Lair:2:   layout_gridlike, grunt_megastairs_4, infiniplex_staircase_pool_2,
          lemuel_fruit_fields
Lair:3:   layout_chaotic_city, nicolae_spider_entry_tight_spaces,
          gammafunk_ghost_hive
Lair:4:   layout_hall_layers, palyth_hydra_swamp_entry, special_room
          [special_room_mythical_zoo], st_stairs_4

Skill      XL: |  1  2  3  4  5  6  7  8  9 10 11 12 13 |
---------------+----------------------------------------+-----
Fighting       | 2 3 4 5 6 8 10 11 13 14 15 | 15.1
Unarmed Combat | 1 2 3 4 6 7 |  7.0
Throwing       | 5 6 7 |  7.0
Dodging        | 4 7 |  7.0
Armour         | 1 |  1.3
Stealth        | |  0.3

Action                   |  1- 3 |  4- 6 |  7- 9 | 10-12 | 13-15 || total
-------------------------+-------+-------+-------+-------+-------++-------
Melee: Unarmed           |   107 |   227 |   277 |   608 |    46 ||  1265
       Punch             |       |     1 |     1 |       |       ||     2
Throw: Large rock        |       |     1 |    16 |    30 |     3 ||    50
       Throwing net      |       |       |     2 |     4 |       ||     6
       Boomerang         |       |       |    39 |   159 |     6 ||   204
       Javelin           |       |       |       |    11 |       ||    11
Invok: Berserk           |       |     2 |       |       |       ||     2
       Trog's Hand       |       |     1 |     1 |     9 |     2 ||    13
       Brothers in Arms  |       |       |     1 |     4 |     3 ||     8
Evoke: Wand              |       |       |     5 |       |       ||     5
  Use: Scroll            |     6 |     5 |     9 |     7 |     4 ||    31
       Potion            |       |     1 |       |       |       ||     1
 Stab: Sleeping          |     1 |     2 |     6 |       |       ||     9
       Distracted        |       |       |     1 |       |       ||     1
       Held in net/web   |       |       |     1 |       |       ||     1
  Eat: Chunk             |    12 |    21 |    38 |    65 |     6 ||   142
       Ration            |       |       |       |     2 |       ||     2
Armor: Robe              |    35 |    78 |    96 |     3 |       ||   212
       Swamp dragon scal |       |       |       |   230 |    80 ||   310
Dodge: Dodged            |    78 |   106 |    72 |   234 |    50 ||   540
       Repelled          |       |       |       |     8 |       ||     8
Block: Kite shield       |       |       |    95 |   327 |    46 ||   468
